Map: Rainfall LE

Players

AuntJamima - Winner!

  • Race: Zerg Zerg
  • League: Master

Zergimba

  • Race: Terran Terran
  • League: Platinum

VOD

Have the link to the VOD?

Description

Time

  • Played on: July 8, 2026, 3:58 a.m.
  • Length: 5:00
Show
View Real Time Build Order
Export as new Build Order

AuntJamima Zerg - Winner!

Build Orders: Pool Only 

Get SALT Encoding   

  8  0:01  Drone  
  9  0:12  Drone  
  10  0:35  Spawning Pool  
  9  0:41  Drone  
  10  0:51  Drone  
  10  0:55  Extractor  
  10  0:59  Extractor  
  9  1:04  Overlord  
  9  1:25  Zergling x6  
  12  1:50  Metabolic Boost  
  12  2:04  Zergling x4  
  14  2:13  Zergling x2  
  15  2:25  Zergling x2  
  15  2:26  Zergling x2  
  16  2:41  Queen  
  18  2:55  Overlord  
  18  2:57  Drone  
  19  3:01  Drone  
  20  3:19  Zergling x2  
  21  3:20  Zergling x2  
  21  3:31  Zergling x2  
  21  3:36  Zergling x2  
  22  3:49  Zergling x2  
  20  4:18  Zergling x2  
  20  4:19  Zergling x4  
Show
View Real Time Build Order
Export as new Build Order

Zergimba Terran 

Build Orders:  

Get SALT Encoding   

  8  0:02  SCV  
  10  0:14  SCV  
  10  0:26  SCV  
  11  0:37  Supply Depot  
  11  0:38  SCV  
  12  0:50  Refinery, SCV  
  13  1:08  Barracks  
  13  1:09  SCV  
  14  1:21  SCV  
  15  1:33  SCV  
  16  1:45  SCV  
  17  1:47  Supply Depot  
  17  1:54  Marine  
  17  2:00  Factory  
  18  2:12  Marine  
  19  2:20  SCV  
  20  2:32  SCV  
  20  2:39  Barracks Reactor  
  21  2:44  SCV  
  21  2:58  Command Center  
  21  3:11  Orbital Command  
  21  3:19  Hellion  
  21  3:55  SCV  
  21  3:57  Hellion  
  19  4:07  SCV  
  17  4:10  Supply Depot  
  17  4:12  Marine x2  
  17  4:19  Hellion  
Tags
 
Add a new tag
Caveats
  • Supply blocks, unpowered buildings, or Contaminate may cause inaccurate times.
  • Supply counts are checked every 10 seconds.